AoeStats
← igor41

Arena

510053866Analyzed
3v3 RM · 3d ago on Sep 29, 2026· 68m 23s· 6 players
Game mode
Random Map
Map size
Normal (6 player)
Population
200
Speed
Normal
Resources
Standard
Victory
Conquest
Starting age
Dark Age
Ending age
Imperial Age
RankedLock teamsTeams togetherTeam positionsShared explorationLock speedFull tech treeHidden civsTurbo modeCheats
Victory
Defeat
🇨🇳 Vietnamese · China
976
+13
🇨🇳 Portuguese · China
756
+22
🇨🇳 Jurchens · China
627
+27
🇫🇷 Khmer · France
1000
-24
🇫🇷 Goths · France
871
-20
🇫🇷 Franks · France
811
-18
Antonio
11:26 Feudal Age
12:16 Double-Bit Axe
14:56 Castle Age
16:18 Bow Saw
15:53 Horse Collar
21:11 Loom
28:17 Wheelbarrow
27:28 Town Watch
28:03 Guard Tower
31:07 Masonry
33:41 Imperial Age
31:28 Hand Cart
31:13 Town Patrol
32:30 Scale Barding Armor
32:15 Fletching
33:36 Husbandry
33:48 Bloodlines
34:30 Fortified Wall
34:25 Siege Engineers
33:55 Heavy Rocket Cart
35:38 Chemistry
35:10 Architecture
34:35 Murder Holes
34:22 Treadmill Crane
34:44 Fortified Bastions
35:05 Conscription
34:14 Elite Iron Pagoda
36:45 Two-Man Saw
35:47 Heavy Plow
35:39 Stone Mining
35:39 Gold Mining
37:47 Ballistics
38:04 Keep
37:15 Arrowslits
37:34 Caravan
38:04 Coinage
37:45 Guilds
38:45 Crop Rotation
38:51 Gold Shaft Mining
38:51 Stone Shaft Mining
38:46 Thunderclap Bombs
39:46 Hoardings
43:45 Banking
52:07 Arson
52:22 Squires
51:44 Elite Fire Lancer
51:50 Elite Steppe Lancer
58:43 Sappers
BALALAS
10:49 Feudal Age
16:01 Castle Age
14:57 Double-Bit Axe
14:55 Horse Collar
17:26 Loom
18:48 Wheelbarrow
22:35 Bow Saw
22:55 Treadmill Crane
25:44 Hand Cart
25:58 Fortified Wall
26:40 Heavy Plow
28:29 Masonry
29:17 Town Watch
32:51 Imperial Age
31:07 Husbandry
31:17 Bloodlines
33:01 Scale Barding Armor
33:07 Forging
34:25 Coinage
33:40 Cavalier
34:43 Chain Barding Armor
34:59 Iron Casting
35:33 Two-Man Saw
35:05 Crop Rotation
36:55 Banking
37:53 Town Patrol
38:26 Ballistics
39:07 Chemistry
38:39 Architecture
38:14 Siege Engineers
41:57 Plate Barding Armor
44:13 Caravan
52:53 Bombard Tower
52:28 Murder Holes
58:07 Arquebus
58:28 Conscription
66:33 Fletching
66:43 Padded Archer Armor
67:44 Blast Furnace
66:44 Scale Mail Armor
无语
10:30 Feudal Age
14:17 Castle Age
12:05 Double-Bit Axe
12:08 Horse Collar
15:42 Bow Saw
15:32 Heavy Plow
21:39 Wheelbarrow
22:32 Hand Cart
22:03 Town Watch
22:03 Loom
23:18 Gold Mining
23:48 Stone Mining
28:14 Imperial Age
26:39 Town Patrol
26:31 Fletching
26:42 Padded Archer Armor
28:26 Bodkin Arrow
28:32 Padded Archer Armor
30:02 Two-Man Saw
29:34 Crop Rotation
29:09 Bracer
29:20 Forging
29:10 Scale Mail Armor
29:21 Forging
29:11 Scale Mail Armor
28:44 Pikeman
29:25 Squires
29:10 Arson
29:42 Halberdier
29:46 Crossbowman
30:33 Thumb Ring
30:20 Treadmill Crane
31:52 Chemistry
30:37 Arbalester
31:57 Paper Money
34:24 Coinage
35:09 Chain Mail Armor
35:29 Iron Casting
35:11 Leather Archer Armor
35:42 Capped Ram
37:27 Banking
36:58 Caravan
39:18 Plate Mail Armor
39:19 Ring Archer Armor
41:40 Ballistics
41:26 Siege Engineers
41:46 Ballistics
41:36 Fortified Wall
41:38 Masonry
50:39 Guilds
50:47 Guilds
59:51 Arrowslits
60:02 Murder Holes
60:47 Devotion
60:44 Herbal Medicine
igor41
5:19 Loom
10:04 Feudal Age
17:25 Castle Age
15:38 Double-Bit Axe
17:50 Stone Mining
18:31 Bow Saw
20:57 Stone Shaft Mining
35:11 Anarchy
36:01 Gold Mining
poilon
10:35 Feudal Age
14:20 Castle Age
12:43 Double-Bit Axe
12:45 Horse Collar
17:16 Heavy Plow
17:27 Bow Saw
22:53 Bloodlines
22:44 Husbandry
23:47 Wheelbarrow
22:59 Loom
23:02 Town Watch
23:46 Gold Mining
27:41 Imperial Age
25:52 Hand Cart
27:42 Ballistics
28:04 Gold Shaft Mining
27:22 Stone Mining
28:20 Scale Barding Armor
28:25 Forging
27:51 Elite Battle Elephant
30:11 Stone Shaft Mining
29:44 Tusk Swords
30:05 Conscription
32:06 Crop Rotation
32:07 Chain Barding Armor
32:22 Iron Casting
32:00 Heavy Scorpion
34:58 Plate Barding Armor
35:23 Blast Furnace
33:47 Light Cavalry
34:41 Siege Engineers
35:37 Chemistry
36:06 Hussar
37:14 Double Crossbow
40:34 Scale Mail Armor
41:33 Fervor
46:44 Town Patrol
50:07 Elite Ballista Elephant
60:12 Masonry
60:26 Caravan
Charlon
10:26 Feudal Age
11:36 Double-Bit Axe
19:10 Castle Age
20:42 Husbandry
22:12 Scale Barding Armor
22:07 Scale Mail Armor
22:18 Forging
23:20 Chain Barding Armor
26:51 Town Watch
27:48 Wheelbarrow
27:03 Town Watch
29:07 Hand Cart
32:10 Chain Mail Armor
32:30 Iron Casting
41:29 Imperial Age
39:59 Iron Casting
40:04 Town Patrol
42:13 Pikeman
42:55 Squires
42:46 Gambesons
45:46 Halberdier
45:48 Man-at-Arms
46:14 Arson
46:18 Cavalier
48:37 Long Swordsman
48:57 Paladin
51:11 Plate Barding Armor
51:07 Plate Mail Armor
51:37 Blast Furnace
50:13 Two-Handed Swordsman
52:37 Champion
60:07 Caravan
Connection lost

Rejoining the realm…

Still unreachable

The connection could not be restored.

Session expired

The server has moved on; the page needs a fresh start.